 Dungeon Crawl Stone Soup version 0.27-a0-1191-g601b473118 (webtiles) character file.

Game seed: 11084450123365988060

10 M3chladon the Covered (level 2, 0/19 HPs)
             Began as a Gargoyle Fighter on May 24, 2021.
             Slain by a goblin
             ... wielding a +0 club
              (1 damage)
             ... on level 1 of the Dungeon.
             The game lasted 00:02:28 (151 turns).

M3chladon the Covered (Gargoyle Fighter)             Turns: 151, Time: 00:02:28

Health: 0/19       AC:  9    Str: 19    XL:     2   Next: 20%
Magic:  2/2        EV:  7    Int:  8    God:
Gold:   33         SH:  9    Dex:  9    Spells: 1/1 levels left

rFire    . . .     SeeInvis .   a - +0 flail
rCold    . . .     Faith    .   c - +0 kite shield
rNeg     + . .     Spirit   .   b - +0 scale mail
rPois    ∞         Reflect  .   (no helmet)
rElec    +         Harm     .   (no cloak)
rCorr    .         Rampage  .   (no gloves)
Will     .....                  (no boots)
Stlth    ..........             f - amulet of the acrobat
HPRegen  0.06/turn              (no ring)
MPRegen  0.08/turn              (no ring)

@: no status effects
A: sickness immunity, AC +2, negative energy resistance 1, electricity
resistance, torment resistance 1, petrification resistance
a: no special abilities


You were on level 1 of the Dungeon.
You visited 1 branch of the dungeon, and saw 1 of its levels.

You collected 33 gold pieces.

Inventory:

Hand Weapons
 a - a +0 flail (weapon)
Armour
 b - a +0 scale mail (worn)
 c - a +0 kite shield (worn)
 e - a +0 robe
Jewellery
 f - an amulet of the acrobat (around neck)
Potions
 d - a potion of might


   Skills:
 + Level 3.5 Fighting
 + Level 2.1 Maces & Flails
 + Level 3.5 Armour
 + Level 3.4 Shields


You had one spell level left.
You didn't know any spells.
Your spell library was empty.

Dungeon Overview and Level Annotations

Branches:
Dungeon (1/15)

Altars:


Innate Abilities, Weirdness & Mutations

You are immune to sickness and miasma.
Your stone body is resilient. (AC +2)
You are immune to poison.
You resist negative energy. (rN+)
You are resistant to electric shocks. (rElec)
You are resistant to unholy torment.
You are immune to petrification.


Message History

The goblin hits you with a +0 club.
* * * LOW HITPOINT WARNING * * *
The giant cockroach waves its antennae.
You block the giant cockroach's attack.
You barely miss the giant cockroach. You block the goblin's attack.
The giant cockroach bites you.
* * * LOW HITPOINT WARNING * * *
The goblin hits you but does no damage.
You hit the giant cockroach.
You kill the giant cockroach!
The goblin hits you but does no damage.
You hit the goblin.
The goblin is severely wounded.
You block the goblin's attack. x2
You miss the goblin.
The goblin is heavily wounded.
You block the goblin's attack.
You closely miss the goblin.
The goblin is heavily wounded.
The goblin hits you with a +0 club.
* * * LOW HITPOINT WARNING * * *
You block the goblin's attack.
You closely miss the goblin.
The goblin is moderately wounded.
The goblin closely misses you.
You hit the goblin.
The goblin is heavily wounded.
The goblin hits you with a +0 club.
* * * LOW HITPOINT WARNING * * *
You block the goblin's attack.
You closely miss the goblin.
The goblin is heavily wounded.
You block the goblin's attack.
You barely miss the goblin.
The goblin is heavily wounded.
The goblin closely misses you. You block the goblin's attack.
You barely miss the goblin.
The goblin is heavily wounded.
You block the goblin's attack. The goblin hits you with a +0 club.
You die...

..............##...# ....
.............#...##
..............####.###)##
.......#+#.........##..#.
.......#...........#...#.
.......#.#.........#..#..
.......#.#.#....#..##...≈
#......g......#.#..##.≈..
.#.....#@#.#..#.#..##.#..
..............#.#..####≈≈
..............#.#..# #..≈
..#####.........#..# #≈≈.
#.........#... #≈≈≈
........... #.≈≈
###........# #.≈≈
#........ ##..≈ #........
#...≈


You could see a goblin.

Vanquished Creatures
  A ball python (D:1)
  An endoplasm (D:1)
  A giant cockroach (D:1)
  A goblin (D:1)
  A hobgoblin (D:1)
  A quokka (D:1)
  A bat (D:1)
  2 rats (D:1)
9 creatures vanquished.

Notes
Turn   | Place    | Note
-------+----------+-------------------------------------------
     0 | D:1      | M3chladon the Gargoyle Fighter began the quest for the Orb.
     0 | D:1      | Reached XP level 1. HP: 14/14 MP: 1/1
   111 | D:1      | Reached XP level 2. HP: 15/19 MP: 2/2
   151 | D:1      | Slain by a goblin

Illustrated notes

Levels and vault maps discovered:
D:1:      dpeg_arrival_subterranean_lakeside_camping, layout_basic

Action                   || total
-------------------------++-------
Melee: Flail             ||    41
  Use: Scroll            ||     1
Armor: Scale mail        ||    24
Dodge: Dodged            ||    16
Block: Kite shield       ||    37

Table legend: (Time is in decaauts)
 A = Elapsed time spent in this place.
 B = Non-inter-level travel time spent in this place.
 C = Inter-level travel time spent in this place.
 D = Time resting spent in this place.
 E = Time spent auto-exploring this place.
 F = Levels seen in this place.
 G = Mean time per level.
                   A        B        C        D        E       F      G
               +--------+--------+--------+--------+--------+-----+--------+
         Total |    181 |    181 |      0 |      0 |     25 |   1 |  181.0 |
       Dungeon |    181 |    181 |      0 |      0 |     25 |   1 |  181.0 |
               +--------+--------+--------+--------+--------+-----+--------+

Top non-repeatable levels by time:
     D:1: 181 daAuts
